 Dungeon Crawl Stone Soup version 0.25-a0-521-gb5d5f98535 (webtiles) character file.

Game seed: 6418041118294996031, levelgen mode: deterministic

3469 Feb132020 the Thaumaturge (level 9, 0/48 HPs)
             Began as a Deep Elf Fire Elementalist on Feb 17, 2020.
             Was a Follower of Ashenzari.
             Slain by a killer bee (9 damage)
             ... on level 8 of the Dungeon on Feb 18, 2020.
             The game lasted 01:10:11 (8513 turns).

Feb132020 the Thaumaturge (DEFE)                    Turns: 8513, Time: 01:10:12

Health: 0/48       AC:  7    Str:  5    XL:     9   Next: 79%
Magic:  15/23      EV: 15    Int: 21    God:    Ashenzari [*.....]
Gold:   171        SH:  0    Dex: 20    Spells: 17/25 levels left

rFire    . . .     SeeInvis .   a - +4 short sword (venom) (curse)
rCold    . . .     Gourm    .   (no shield)
rNeg     . . .     Faith    .   q - +0 robe
rPois    .         Spirit   .   t - +2 hat
rElec    .         Reflect  .   (no cloak)
rCorr    .         Harm     .   w - +0 pair of gloves
MR       .....                  (no boots)
Stlth    ++++......             B - amulet of the acrobat
HPRegen  0.16/turn              f - +2 ring of protection
MPRegen  0.18/turn              C - +2 ring of dexterity

@: very slightly contaminated, invisible
A: no striking features
a: Curse Item, Scrying, Renounce Religion


You were on level 8 of the Dungeon.
You worshipped Ashenzari.
Ashenzari was aware of your devotion.
You were not hungry.

You visited 2 branches of the dungeon, and saw 9 of its levels.
You also visited: Bailey.

You collected 351 gold pieces.
You spent 180 gold pieces at shops.

Inventory:

Hand Weapons
 a - a cursed +4 short sword of venom (weapon)
 b - a +1 dagger of draining
 j - a +1 short sword of venom
 G - a +0 rapier of draining
Missiles
 x - 45 poisoned darts (quivered)
Armour
 q - a +0 robe (worn)
 t - a +2 hat (worn)
 w - a +0 pair of gloves (worn)
Jewellery
 f - a +2 ring of protection (left hand)
 k - an uncursed amulet of magic regeneration
 v - an uncursed amulet of regeneration
 B - an amulet of the acrobat (around neck)
 C - a +2 ring of dexterity (right hand)
Wands
 r - a wand of polymorph (9)
 z - a wand of enslavement (3)
 A - a wand of disintegration (10)
 H - a wand of paralysis (7)
Scrolls
 e - a scroll of identify
 h - 2 scrolls of remove curse
 l - a scroll of immolation
 o - a scroll of amnesia {unknown}
 s - a scroll of magic mapping {unknown}
 y - a scroll of noise {unknown}
Potions
 d - a potion of haste
 g - 2 potions of heal wounds
 n - a potion of invisibility
 p - a potion of stabbing
 D - 2 potions of lignification
 E - a potion of berserk rage
Miscellaneous
 i - a sack of spiders
Comestibles
 c - 12 rations


   Skills:
 + Level 2.0 Fighting
 + Level 5.0 Short Blades
 + Level 0.6 Throwing
 + Level 4.8 Dodging
 + Level 7.0 Stealth
 + Level 8.9 Spellcasting
 + Level 6.9 Conjurations
 + Level 7.6 Fire Magic
 + Level 1.3 Evocations


You had 17 spell levels left.
You knew the following spells:

 Your Spells              Type           Power        Failure   Level  Hunger
a - Foxfire               Conj/Fire      ####         1%          1    None
b - Conjure Flame         Conj/Fire      #####...     1%          3    None
c - Sticky Flame          Conj/Fire      #####...     3%          4    ###....

Your spell library contained the following spells:

 Spells                   Type           Power        Failure   Level  Hunger
 Inner Flame              Hex/Fire       ####....     4%          3    None
 Fireball                 Conj/Fire      #####.....   10%         5    #####..


Dungeon Overview and Level Annotations

Branches:
Dungeon (8/15)             Temple (1/1) D:4          Bailey (visited)
   Lair: D:8-11

Altars:
Ashenzari
Cheibriados
Dithmenos
Elyvilon
Fedhas
Gozag
Hepliaklqana
Kikubaaqudgha
Nemelex Xobeh
Okawaru
Qazlal
Ru
Sif Muna
Trog
Uskayaw
Vehumet
Wu Jian
Xom
Yredelemnul
Zin

Shops:
D:4 (   D:6 *

Annotations:
D:3 3 runed translucent doors, qipq's ghost, amateur OpFE
D:7 1 exclusion, Harold


Message History

You conjure some foxfire!
The killer bee closely misses you. x2
The killer bee misses you. x2
Casting: Foxfire (safe; 1% risk of failure)
Confirm with . or Enter, or press ? or * to list all spells.
You conjure some foxfire!
The foxfire hits the killer bee but does no damage.
The killer bee closely misses you. The killer bee stings you.
The foxfire hits the killer bee.
The killer bee is lightly wounded.
The killer bee barely misses you. The killer bee stings you!
* * * LOW HITPOINT WARNING * * *
Unknown command.
Casting: Foxfire (safe; 1% risk of failure)
Confirm with . or Enter, or press ? or * to list all spells.
You conjure some foxfire!
The foxfire hits the killer bee.
The killer bee is moderately wounded.
The foxfire hits the killer bee.
The killer bee is moderately wounded.
The killer bee barely misses you. The killer bee stings you!
You die...

............#.##.#########
..............##.........#
............###..≈≈≈≈≈≈≈.#
$...........# #..≈#####≈.#
............# ##.≈#...#≈.#
............####.)))∩.#≈.#
......##.........≈#...#≈.#
............###y.v#####≈.##
......##...## #y@§≈≈≈≈≈≈..#
...... ##..# #.v§........#
..[... #..# #...........#
.##. ...# #############
...## .#.##


You could see 2 killer bees.

Vanquished Creatures
  Pikel (D:6)
  A hippogriff (D:7)
  2 phantoms
  2 slaves (D:6)
  3 centaurs
  3 ogres
  4 bullfrogs
  8 gnoll sergeants (Bailey)
  A wyvern skeleton (D:7)
  4 scorpions
  3 killer bees (D:8)
  2 crimson imps
  A centaur zombie (D:8)
  A bullfrog skeleton (D:5)
  A quasit (D:3)
  4 hounds
  3 orc wizards
  5 gnoll shamans (Bailey)
  3 iguanas
  3 worker ants
  17 gnolls
  7 adders
  4 shadow imps
  An ooze (D:4)
  3 adder skeletons
  2 worms (D:2)
  A dart slug (D:3)
  8 leopard geckos
  13 orcs
  3 giant cockroaches
  10 goblins
  10 hobgoblins
  10 jackals
  8 kobolds
  6 quokkas
  2 ball pythons (D:3)
  4 bats
  5 frilled lizards
  A goblin skeleton (D:8)
  A jackal skeleton (D:4)
  A jackal zombie (D:5)
  An orc zombie (D:8)
  5 rats
178 creatures vanquished.

Vanquished Creatures (others)
  A gnoll shaman (Bailey)
  699 foxfires
700 creatures vanquished.

Grand Total: 878 creatures vanquished

Notes
Turn   | Place    | Note
-------+----------+-------------------------------------------
     0 | D:1      | Feb132020 the Deep Elf Fire Elementalist began the quest
                  | for the Orb.
     0 | D:1      | Reached XP level 1. HP: 10/10 MP: 6/6
   342 | D:1      | Reached XP level 2. HP: 15/15 MP: 8/8
   896 | D:2      | Noticed a centaur
   906 | D:2      | Killed a centaur
   906 | D:2      | Reached skill level 4 in Spellcasting
   906 | D:2      | Reached XP level 3. HP: 9/19 MP: 3/10
   906 | D:2      | Reached XP level 4. HP: 12/24 MP: 3/12
   911 | D:2      | Learned a level 3 spell: Conjure Flame
  1108 | D:2      | Reached XP level 5. HP: 21/28 MP: 4/13
  2071 | D:3      | Found an opulent altar of Gozag.
  2357 | D:3      | Found a runed translucent gate.
  2358 | D:3      | Found a runed translucent gate.
  2358 | D:3      | Found an opulent altar of Gozag.
  2359 | D:3      | Found a runed translucent gate.
  2372 | D:3      | Noticed qipq's ghost (amateur OpFE)
  2536 | D:3      | Reached XP level 6. HP: 33/33 MP: 7/14
  3021 | D:4      | Reached skill level 1 in Short Blades
  3021 | D:4      | Reached skill level 5 in Fire Magic
  3068 | D:4      | Found Sutarr's Antique Weapon Boutique.
  3069 | D:4      | Found a bloodstained altar of Trog.
  3171 | D:4      | Reached skill level 5 in Spellcasting
  3668 | D:4      | Reached XP level 7. HP: 36/37 MP: 12/16
  3737 | D:4      | Found a staircase to the Ecumenical Temple.
  4153 | D:4      | Found a sparkling altar of Nemelex Xobeh.
  4191 | Temple   | Entered the Ecumenical Temple
  4198 | Temple   | Became a worshipper of Ashenzari the Shackled
  4352 | D:5      | Entered Level 5 of the Dungeon
  4638 | D:5      | Found a white marble altar of Elyvilon.
  4842 | D:5      | Reached skill level 5 in Stealth
  4842 | D:5      | Reached skill level 6 in Spellcasting
  5236 | D:5      | Learned a level 4 spell: Sticky Flame
  5289 | D:6      | Reached XP level 8. HP: 42/42 MP: 16/19
  5295 | D:6      | Found an ancient bone altar of Kikubaaqudgha.
  5404 | D:6      | Reached skill level 1 in Fighting
  5443 | D:6      | Reached * piety under Ashenzari
  5917 | D:6      | Noticed Pikel
  5940 | D:6      | Killed Pikel
  5940 | D:6      | Reached skill level 5 in Conjurations
  5958 | D:6      | Found Jaifom's Assorted Antiques.
  5967 | D:6      | Bought a scroll labeled ECIOLUQIYNK for 18 gold pieces
  5967 | D:6      | Bought a scroll labeled JUAC RUIVANK for 18 gold pieces
  5967 | D:6      | Bought a scroll labeled KISTAX NAKIYGA for 18 gold pieces
  5967 | D:6      | Bought a glowing rapier for 126 gold pieces
  6229 | D:6      | Reached skill level 7 in Spellcasting
  6442 | D:7      | Reached XP level 9. HP: 47/47 MP: 7/21
  6571 | D:7      | Found a shadowy altar of Dithmenos.
  6576 | D:7      | Noticed Harold
  6865 | D:7      | Found a shadowy altar of Dithmenos.
  6867 | D:8      | Found a shimmering altar of Xom.
  7051 | D:8      | Found a flagged portal.
  7093 | Bailey   | Entered a bailey
  7408 | Bailey   | Reached skill level 5 in Short Blades
  7408 | Bailey   | Reached skill level 8 in Spellcasting
  7617 | Bailey   | Upgraded the game from 0.25-a0-516-g7d600cd9ad to
                  | 0.25-a0-521-gb5d5f98535
  7772 | Bailey   | Reached skill level 1 in Evocations
  8513 | D:8      | Slain by a killer bee

Levels and vault maps discovered:
D:1:      sevenhm_arrival_forest_fort_small_3, layout_basic,
          serial_bayou_pond_a, minmay_misc_feat_doors
D:2:      layout_basic, serial_forest, infiniplex_forest_straight_1,
          infiniplex_forest_end_1, infiniplex_forest_lined_corner,
          infiniplex_forest_split, infiniplex_forest_lined_corner,
          infiniplex_forest_lined_room_2, infiniplex_forest_lined_4_way,
          infiniplex_forest_lined_room_2
D:3:      layout_basic, grunt_gozag_breadcrumbs, ebering_ghost_gozag,
          grunt_ministairs_13
D:4:      minmay_diamond_boxcup, layout_basic, bloody_trog,
          kennysheep_little_box, minmay_temple_entry_statues_fountains,
          serial_shops, shop
D:5:      layout_basic, elyvilon_altar_1, first_ration, minmay_misc_feat_cross
D:6:      layout_cave_pools, kiku_gazebo_pond_becter, serial_shops, shop,
          uniq_pikel
D:7:      layout_rooms, nicolae_dithmenos_the_darkroom, serial_curves,
          eino_curves_04, eino_curves_04, basic_altar, led_sif_pool, uniq_harold
D:8:      layout_cave_pools, makhleb_altar_promises_db,
          nicolae_tso_besieged_by_evil, enter_bailey_3, xom_teletrap_fun
Temple:   cyrus_circular_temple

Skill      XL: |  1  2  3  4  5  6  7  8  9 |
---------------+----------------------------+-----
Dodging        | 3 4 |  4.8
Stealth        | 3 4 5 6 7 |  7.0
Spellcasting   | 4 5 6 7 8 |  8.9
Fire Magic     | 4 5 6 7 |  7.6
Conjurations   | 2 3 4 5 6 |  6.9
Short Blades   | 1 3 4 5 |  5.0
Fighting       | 1 2 |  2.0
Evocations     | 1 |  1.3
Throwing       | |  0.6

Action                   |  1- 3 |  4- 6 |  7- 9 || total
-------------------------+-------+-------+-------++-------
Melee: Dagger            |    26 |    30 |       ||    56
       Short sword       |       |    18 |   117 ||   135
Throw: Dart              |       |       |     2 ||     2
 Cast: Foxfire           |    28 |   100 |   278 ||   406
       Conjure Flame     |       |     4 |     5 ||     9
Invok: Curse Item        |       |       |     1 ||     1
Evoke: Wand              |       |       |     6 ||     6
  Use: Scroll            |       |     5 |    17 ||    22
       Potion            |       |       |     4 ||     4
 Stab: Sleeping          |     2 |    11 |    13 ||    26
  Eat: Chunk             |       |     9 |    14 ||    23
Armor: Robe              |     9 |    47 |    27 ||    83
Dodge: Dodged            |    28 |    75 |   184 ||   287

Table legend:
 A = Non-vault XP
 B = Vault XP
 C = Vault XP percentage of total XP
 D = Non-vault monster count
 E = Vault monster count
 F = Vault count percentage of total count
                 A         B        C        D         E       F
            +---------+---------+-------+---------+---------+-------
      Total |    3026 |    1930 |  38.9 |     132 |      45 |  25.4
            +---------+---------+-------+---------+---------+-------
        D:1 |      34 |       0 |   0.0 |      21 |       0 |   0.0
        D:2 |     218 |       0 |   0.0 |      24 |       0 |   0.0
        D:3 |     149 |       3 |   2.0 |      26 |       2 |   7.1
        D:4 |     583 |      64 |   9.9 |      18 |       6 |  25.0
        D:5 |     442 |       0 |   0.0 |      11 |       0 |   0.0
        D:6 |     330 |     685 |  67.5 |      13 |       1 |   7.1
        D:7 |     742 |       0 |   0.0 |      11 |       0 |   0.0
        D:8 |     528 |       9 |   1.7 |       8 |       6 |  42.9
     Bailey |       0 |    1169 | 100.0 |       0 |      30 | 100.0
            +---------+---------+-------+---------+---------+-------
